 Dungeon Crawl Stone Soup version bcrawl-1.27.1d (webtiles) character file.

Game seed: 1981724812885662133

208479 Freyura the Shield-Bearer (level 6, -1/53 HPs)
             Began as a Gnoll Fighter on July 27, 2020.
             Slain by a scorpion (8 damage)
             ... on level 4 of the Dungeon.
             The game lasted 00:07:00 (2235 turns).

Freyura the Shield-Bearer (Gnoll Fighter)           Turns: 2235, Time: 00:07:01

Health: -1/53      AC: 10    Str: 23    XL:     6   Next: 28%
Magic:  8/8        EV:  8    Int: 10    God:
Gold:   190        SH: 15    Dex: 17    Spells: 8/8 levels left

rFire    . . .     SeeInvis .   a - +1 long sword
rCold    . . .     Gourm    .   g - +2 medium shield
rNeg     . . .     Faith    .   b - +0 scale mail
rPois    .         Spirit   .   i - +1 helmet
rElec    .         Reflect  .   (no cloak)
rCorr    .         Harm     .   (no gloves)
MR       .....                  (no boots)
Stlth    +.........             j - amulet of regeneration
HPRegen  0.41/turn              (no ring)
MPRegen  0.11/turn              (no ring)

@: mighty, lethally poisoned (-1 -> -6)
A: distributed training, fangs 1, strong nose
a: no special abilities


You were on level 4 of the Dungeon.
You were hungry.

You visited 1 branch of the dungeon, and saw 4 of its levels.

You collected 190 gold pieces.

Inventory:

Hand Weapons
 a - a +1 long sword (weapon)
Armour
 b - a +0 scale mail (worn)
 g - a +2 medium shield (worn)
 i - a +1 helmet (worn)
 k - a +0 cloak
Jewellery
 j - an amulet of regeneration (around neck)
 l - an uncursed ring of poison resistance {unknown}
Scrolls
 f - a scroll of teleportation
 h - a scroll of immolation
 m - a scroll of identify
Potions
 d - a potion of might
Comestibles
 e - 3 rations {!d}


   Skills:
 + Level 6.8 Fighting
 + Level 1.8 Short Blades
 + Level 4.9 Long Blades
 + Level 1.8 Axes
 + Level 1.8 Maces & Flails
 + Level 1.8 Polearms
 + Level 1.8 Staves
 + Level 1.8 Slings
 + Level 1.8 Bows
 + Level 1.8 Crossbows
 + Level 1.8 Throwing
 + Level 6.8 Armour
 + Level 1.8 Dodging
 + Level 1.8 Stealth
 + Level 6.8 Shields
 + Level 1.8 Unarmed Combat
 + Level 1.8 Spellcasting
 + Level 1.4 Conjurations
 + Level 1.4 Hexes
 + Level 1.4 Charms
 + Level 1.4 Summonings
 + Level 1.4 Necromancy
 + Level 1.4 Translocations
 + Level 1.4 Transmutations
 + Level 1.4 Fire Magic
 + Level 1.4 Ice Magic
 + Level 1.4 Air Magic
 + Level 1.4 Earth Magic
 + Level 1.4 Poison Magic
 + Level 2.0 Invocations
 + Level 1.8 Evocations


You had 8 spell levels left.
You didn't know any spells.
Your spell library was empty.

Dungeon Overview and Level Annotations

Branches:
Dungeon (4/12)             Temple (0/1) D:4

Altars:
Nemelex Xobeh
Qazlal
Vehumet


Innate Abilities, Weirdness & Mutations

Your experience applies equally to all skills.
You have very sharp teeth.
Your uncanny sense of smell can sniff out nearby items.


Message History

The water moccasin skeleton is almost destroyed.
You feel sick. You block the orc's attack. You block the scorpion's attack.
The worker ant barely misses you.
The water moccasin skeleton barely misses you.
The orc hits you with a +0 short sword.
* * * LOW HITPOINT WARNING * * *
You slice the water moccasin skeleton!!
You destroy the water moccasin skeleton!
Your Invocations skill increases to level 2!
You feel sick. You block the worker ant's attack.
The scorpion stings you but does no damage.
You block the orc's attack. The worker ant closely misses you.
It was a potion of cancellation.
You feel magically purged.
* * * LOW HITPOINT WARNING * * *
You feel sick.
The scorpion stings you but does no damage.
The worker ant barely misses you. The orc completely misses you.
You feel very mighty all of a sudden.
You feel sick. The scorpion stings you!
You die...

#.#.#.#.# #..
...$..... .#...
#.......# .....
...............#
#...>...#.......
................
#.....?a#.......
......s@....<...
#.#.#s#o#.......
................
........<.......
...##.##........
..∆#.. .........
. #.##.........
$. #.........
.$# #.........


You could see 2 scorpions, a worker ant and an orc.

Vanquished Creatures
  A scorpion (D:2)
  A water moccasin skeleton (D:4)
  An orc wizard (D:3)
  Jessica (D:2)
  3 adders (D:3)
  An ooze (D:3)
  2 worms
  3 dart slugs
  4 leopard geckos
  6 orcs (D:3)
  5 giant cockroaches
  5 goblins
  13 hobgoblins
  3 jackals (D:2)
  7 kobolds
  2 quokkas
  A ball python (D:2)
  8 bats
  4 frilled lizards
  5 rats
76 creatures vanquished.

Notes
Turn   | Place    | Note
-------+----------+-------------------------------------------
     0 | D:1      | Freyura the Gnoll Fighter began the quest for the Orb.
     0 | D:1      | Reached XP level 1. HP: 23/23 MP: 1/1
   117 | D:1      | Reached XP level 2. HP: 29/29 MP: 2/2
   484 | D:1      | Reached XP level 3. HP: 35/35 MP: 3/3
   844 | D:2      | Reached skill level 1 in Invocations
   846 | D:2      | Noticed a scorpion
   861 | D:2      | Killed a scorpion
   861 | D:2      | Reached skill level 1 in Short Blades
   861 | D:2      | Reached skill level 1 in Axes
   861 | D:2      | Reached skill level 1 in Maces & Flails
   861 | D:2      | Reached skill level 1 in Polearms
   861 | D:2      | Reached skill level 1 in Staves
   861 | D:2      | Reached skill level 1 in Slings
   861 | D:2      | Reached skill level 1 in Bows
   861 | D:2      | Reached skill level 1 in Crossbows
   861 | D:2      | Reached skill level 1 in Throwing
   861 | D:2      | Reached skill level 1 in Dodging
   861 | D:2      | Reached skill level 1 in Stealth
   861 | D:2      | Reached skill level 1 in Unarmed Combat
   861 | D:2      | Reached skill level 1 in Spellcasting
   861 | D:2      | Reached skill level 1 in Evocations
   861 | D:2      | Reached XP level 4. HP: 20/41 MP: 5/5
   976 | D:2      | Reached skill level 1 in Conjurations
   976 | D:2      | Reached skill level 1 in Hexes
   976 | D:2      | Reached skill level 1 in Charms
   976 | D:2      | Reached skill level 1 in Summonings
   976 | D:2      | Reached skill level 1 in Necromancy
   976 | D:2      | Reached skill level 1 in Translocations
   976 | D:2      | Reached skill level 1 in Transmutations
   976 | D:2      | Reached skill level 1 in Fire Magic
   976 | D:2      | Reached skill level 1 in Ice Magic
   976 | D:2      | Reached skill level 1 in Air Magic
   976 | D:2      | Reached skill level 1 in Earth Magic
   976 | D:2      | Reached skill level 1 in Poison Magic
  1009 | D:2      | Noticed Jessica
  1049 | D:2      | Killed Jessica
  1049 | D:2      | Reached XP level 5. HP: 3/47 MP: 6/6
  1596 | D:3      | Found a stormy altar of Qazlal.
  1783 | D:3      | Found a faded altar of an unknown god.
  1859 | D:3      | Found a radiant altar of Vehumet.
  1976 | D:3      | Found a sparkling altar of Nemelex Xobeh.
  1985 | D:3      | Reached XP level 6. HP: 53/53 MP: 8/8
  2216 | D:4      | Found a staircase to the Ecumenical Temple.
  2235 | D:4      | Slain by a scorpion

Skill      XL: |  1  2  3  4  5  6 |
---------------+-------------------+-----
Invocations    | 1 2 |  2.0
Short Blades   | 1 |  1.8
Axes           | 1 |  1.8
Maces & Flails | 1 |  1.8
Polearms       | 1 |  1.8
Staves         | 1 |  1.8
Slings         | 1 |  1.8
Bows           | 1 |  1.8
Crossbows      | 1 |  1.8
Throwing       | 1 |  1.8
Dodging        | 1 |  1.8
Stealth        | 1 |  1.8
Unarmed Combat | 1 |  1.8
Spellcasting   | 1 |  1.8
Evocations     | 1 |  1.8
Conjurations   | 1 |  1.4
Hexes          | 1 |  1.4
Charms         | 1 |  1.4
Summonings     | 1 |  1.4
Necromancy     | 1 |  1.4
Translocations | 1 |  1.4
Transmutations | 1 |  1.4
Fire Magic     | 1 |  1.4
Ice Magic      | 1 |  1.4
Air Magic      | 1 |  1.4
Earth Magic    | 1 |  1.4
Poison Magic   | 1 |  1.4
Fighting       | |  6.8
Long Blades    | |  4.9
Armour         | |  6.8
Shields        | |  6.8

Action                   |  1- 3 |  4- 6 || total
-------------------------+-------+-------++-------
Melee: Long sword        |    95 |   162 ||   257
       Bite              |     7 |    16 ||    23
  Use: Scroll            |     1 |     2 ||     3
       Potion            |       |     2 ||     2
  Eat: Chunk             |     2 |    10 ||    12
Armor: Scale mail        |    27 |    74 ||   101
Dodge: Dodged            |    16 |    37 ||    53
Block: Medium shield     |    60 |   153 ||   213
